 Dungeon Crawl Stone Soup version 0.26-a0-707-g31817bcca1 (webtiles) character file.

Game seed: 14754747829664051070

179 lunkers the Distorting Demonspawn (level 5, -2/42 HPs)
             Began as a Demonspawn Abyssal Knight on Oct 26, 2020.
             Was a Believer of Lugonu.
             Slain by a leopard gecko (4 damage)
             ... on level 3 of the Dungeon.
             The game lasted 00:02:14 (2329 turns).

lunkers the Distorting Demonspawn (DsAK)            Turns: 2329, Time: 00:02:14

Health: -2/42      AC:  6    Str: 13    XL:     5   Next: 32%
Magic:  6/8        EV: 10    Int: 13    God:    Lugonu [**....]
Gold:   66         SH:  0    Dex: 13    Spells: 4/4 levels left

rFire    . . .     SeeInvis .   a - +1 mace
rCold    . . .     Faith    .   (no shield)
rNeg     . . .     Spirit   .   g - +0 ring mail
rPois    .         Reflect  .   (helmet restricted)
rElec    .         Harm     .   (no cloak)
rCorr    .         Rampage  .   (no gloves)
MR       .....                  h - +0 pair of boots
Stlth    +.........             (no amulet)
HPRegen  0.14/turn              (no ring)
MPRegen  0.11/turn              (no ring)

@: no status effects
A: antennae 1, claws 1
a: Depart the Abyss, Bend Space, Renounce Religion


You were on level 3 of the Dungeon.
You worshipped Lugonu.
Lugonu was pleased with you.
You visited 1 branch of the dungeon, and saw 3 of its levels.
You visited the Abyss 1 time.

You collected 66 gold pieces.

Inventory:

Hand Weapons
 a - a +1 mace (weapon)
Armour
 g - a +0 ring mail (worn)
 h - a +0 pair of boots (worn)
Wands
 k - a wand of paralysis (8)
Scrolls
 c - 4 scrolls of identify
 e - 2 scrolls of teleportation {unknown}
 i - a scroll of magic mapping {unknown}
 j - a scroll of immolation {unknown}
 m - a scroll of enchant armour {unknown}
Potions
 b - a potion of brilliance {unknown}
 d - a potion of curing
 f - a potion of mutation
 l - a potion of degeneration {unknown}


   Skills:
 + Level 3.9 Fighting
 * Level 3.8 Maces & Flails
 - Level 1.7 Armour
 - Level 0.8 Dodging
 + Level 4.1 Invocations


You had 4 spell levels left.
You didn't know any spells.
Your spell library was empty.

Dungeon Overview and Level Annotations

Branches:
Dungeon (3/15)

Altars:
Dithmenos


Innate Abilities, Weirdness & Mutations

You have a pair of small antennae on your head.
You have sharp fingernails.


Message History

You hit the ogre but do no damage.
The ogre is moderately wounded.
The helpless ogre fails to defend itself.
You sock the ogre!
The ogre is severely wounded.
The helpless ogre fails to defend itself.
You sock the ogre!
The ogre is almost dead.
A leopard gecko comes into view.
The helpless ogre fails to defend itself.
You hit the ogre.
You kill the ogre!
Lugonu accepts your kill.
Your Invocations skill increases to level 4!
You have reached level 5!
The leopard gecko hisses angrily.
You hit the leopard gecko.
The leopard gecko is moderately wounded.
The leopard gecko closely misses you. The leopard gecko bites you.
You die...

###.. #....###
### #......# ...
#. #......###.#
... .#
#..........# #.#
.# #..........#
#.#
.###.#........#
#.#
..<#.#..l@)...#
#.#####.#
#.##'#+###....
#...)...# #.##.#
# #.......#
#.##.#
#.####)####.##.#
#.#....)....##.#
#.##.#.........#
#.##.###########
#.##


You could see a leopard gecko.

Vanquished Creatures
  An ogre (D:3)
  3 adders (D:2)
  3 oozes
  2 dart slugs (D:1)
  2 leopard geckos
  2 giant cockroaches (D:1)
  4 goblins
  5 hobgoblins
  4 jackals (D:1)
  8 kobolds
  A quokka (D:2)
  2 ball pythons
  7 bats
  A frilled lizard (D:1)
  5 rats
50 creatures vanquished.

Notes
Turn   | Place    | Note
-------+----------+-------------------------------------------
     0 | Abyss:1  | lunkers the Demonspawn Abyssal Knight began the quest for
                  | the Orb.
     0 | Abyss:1  | Reached XP level 1. HP: 18/18 MP: 2/2
    17 | D:1      | Escaped the Abyss
   569 | D:1      | Gained mutation: You have sharp fingernails. [demonic
                  | ancestry]
   569 | D:1      | Reached XP level 2. HP: 23/24 MP: 4/4
   770 | D:1      | Reached skill level 3 in Invocations
   785 | D:1      | Reached ** piety under Lugonu
   788 | D:1      | Gained mutation: You have a pair of small antennae on your
                  | head. [demonic ancestry]
   788 | D:1      | Reached XP level 3. HP: 14/29 MP: 5/5
  1794 | D:2      | Found a shadowy altar of Dithmenos.
  1855 | D:2      | Reached XP level 4. HP: 31/35 MP: 6/6
  2317 | D:3      | Noticed an ogre
  2322 | D:3      | HP: 1/36 [ogre/+0 giant club (21)]
  2327 | D:3      | Killed an ogre
  2327 | D:3      | Reached skill level 4 in Invocations
  2327 | D:3      | Reached XP level 5. HP: 2/42 MP: 6/8
  2329 | D:3      | Slain by a leopard gecko

Illustrated notes

Levels and vault maps discovered:
D:1:      dpeg_arrival_brainrot, layout_basic, kennysheep_small_spiral
D:2:      layout_basic, marbit_many_paths
D:3:      layout_basic, grunt_temple_overflow_open, ebering_ghost_sewer_f,
          minmay_diced_spiral

Skill      XL: |  1  2  3  4 |
---------------+-------------+-----
Maces & Flails | 2 3 |  3.8
Invocations    | 3 4 |  4.1
Fighting       | |  3.9
Armour         | |  1.7
Dodging        | |  0.8

Action                   |  1- 3 |  4- 6 || total
-------------------------+-------+-------++-------
Melee: Mace              |   154 |    33 ||   187
Evoke: Wand              |       |     1 ||     1
  Use: Scroll            |     2 |       ||     2
 Stab: Sleeping          |     1 |       ||     1
       Paralysed         |       |     4 ||     4
Armor: Leather armour    |    52 |       ||    52
       Ring mail         |    28 |    18 ||    46
Dodge: Dodged            |   149 |    20 ||   169

Table legend: (Time is in decaauts)
 A = Elapsed time spent in this place.
 B = Non-inter-level travel time spent in this place.
 C = Inter-level travel time spent in this place.
 D = Time resting spent in this place.
 E = Time spent auto-exploring this place.
 F = Levels seen in this place.
 G = Mean time per level.
                   A        B        C        D        E       F      G
               +--------+--------+--------+--------+--------+-----+--------+
         Total |   2378 |   2290 |     88 |    208 |   1652 |   4 |  594.5 |
       Dungeon |   2361 |   2273 |     88 |    208 |   1651 |   3 |  787.0 |
         Abyss |     17 |     17 |      0 |      0 |      1 |   1 |   17.0 |
               +--------+--------+--------+--------+--------+-----+--------+

Top non-repeatable levels by time:
     D:1: 1441 daAuts
     D:2: 798 daAuts
     D:3: 120 daAuts
 Abyss:1: 17 daAuts
